 Dungeon Crawl Stone Soup version 0.24-a0-235-g3f03afcf10 (webtiles) character file.

Game seed: 6546969689484547784

9982 Redear the Ducker (level 11, 0/77 HPs)
             Began as an Octopode Fighter on Apr 5, 2019.
             Was a High Priest of Cheibriados.
             Slain by a yak (6 damage)
             ... in an ice cave.
             The game lasted 00:37:42 (10443 turns).

Redear the Ducker (Octopode Fighter)               Turns: 10443, Time: 00:37:42

Health: 0/77       AC:  6    Str: 33    XL:     11   Next: 55%
Magic:  10/11      EV: 19    Int: 26    God:    Cheibriados [*****.]
Gold:   626        SH: 14    Dex: 25    Spells: 6/10 levels left

rFire    + + .     SeeInvis .   U - +5 falchion (freeze)
rCold    + . .     Gourm    .   b - +0 shield
rNeg     . . .     Faith    .   (helmet restricted)
rPois    +         Spirit   .   (no amulet)
rElec    +         Reflect  .   (no ring)
rCorr    +         Harm     .   x - +3 ring of protection
MR       .....                  f - ring of protection from fire {rF+}
Stlth    +++++.....             (no ring)
HPRegen  0.22/turn              (no ring)
MPRegen  0.12/turn              (no ring)
                                (no ring)
                                (no ring)

@: mighty, resistant, very slightly contaminated, very slow
A: almost no armour, stealthy swim, amphibious, 8 rings, constrict 8, tentacle
spike 1, slimy green scales 1, camouflage 1, agile 1, screaming 1, gelatinous
body 1
a: Bend Time, Temporal Distortion, Slouch, Step From Time, Renounce Religion


You were in an ice cave.
You worshipped Cheibriados.
Cheibriados was extremely pleased with you.
You were very hungry.

You visited 2 branches of the dungeon, and saw 12 of its levels.
You also visited: Ice Cave.

You collected 626 gold pieces.

Inventory:

Hand Weapons
 A - a +4 dagger
 I - a +3 shortbow
 S - the +3 hunting sling "Keoluton" {venom, Str+4}
   (You found it on level 10 of the Dungeon)

   It poisons the ammo it fires.
   It affects your strength (+4).
 U - a +5 falchion of freezing (weapon)
Missiles
 d - 3 poisoned needles
 h - 299 stones (quivered)
 n - 119 bolts
 o - 10 tomahawks
 s - 60 sling bullets
 v - 131 arrows
Armour
 b - a +0 shield (worn)
Jewellery
 f - a ring of protection from fire (on tentacle) {rF+}
 x - a +3 ring of protection (right tentacle)
Wands
 c - a wand of disintegration (15)
 p - a wand of polymorph (8)
 O - a wand of clouds (7)
Scrolls
 j - 4 scrolls of amnesia
 k - a scroll of fear {unknown}
 m - 2 scrolls of fog
 t - a scroll of immolation {unknown}
 u - 4 scrolls of noise
 y - a scroll of magic mapping {unknown}
 C - a scroll of torment {unknown}
 E - a scroll of enchant weapon {unknown}
 J - 2 scrolls of random uselessness {unknown}
 L - a scroll of silence {unknown}
 N - 2 scrolls of remove curse {@r2}
 R - a scroll of identify {@r1}
 T - 4 scrolls of teleportation {@r3}
Potions
 i - 2 potions of brilliance {Archmagi Int+5 Wiz++}
 l - 3 potions of flight
 r - a potion of invisibility
 w - a potion of might {Str+5 DMG+1d10 | @q3}
 B - a potion of heal wounds {@q1}
 D - a potion of resistance {rF+ rC+ rPois rElec rCorr}
 F - a potion of mutation {!q}
 H - a potion of haste {@q5}
 K - a potion of lignification
 Q - 3 potions of curing {@q2}
Comestibles
 z - 18 rations


   Skills:
 - Level 7.8 Fighting
 - Level 7.4 Long Blades
 - Level 7.9 Dodging
 - Level 6.0 Stealth
 - Level 7.8 Shields
 + Level 6.7 Summonings
 + Level 6.7 Air Magic


You had 6 spell levels left.
You knew the following spells:

 Your Spells              Type           Power        Failure   Level  Hunger
L - Summon Lightning Spi  Summ/Air       #####...     21%         4    #####..

Your spell library contained the following spells:

 Spells                   Type           Power        Failure   Level  Hunger
 Summon Small Mammal      Summ           ####         1%          1    ##.....
 Call Imp                 Summ           #####...     3%          2    ###....
 Call Canine Familiar     Summ           #####...     6%          3    ####...
 Summon Guardian Golem    Hex/Summ       ###.....     24%         3    ####...
 Summon Ice Beast         Ice/Summ       ###.....     63%         4    #####..


Dungeon Overview and Level Annotations

Branches:
Dungeon (11/15)            Temple (1/1) D:5            Lair (0/6) D:10
    Orc: D:9-12

Altars:
Ashenzari
Cheibriados
Dithmenos
Elyvilon
Fedhas
Gozag
Hepliaklqana
Kikubaaqudgha
Makhleb
Nemelex Xobeh
Qazlal
Ru
Sif Muna
Trog
Uskayaw
Vehumet
Wu Jian
Xom
Yredelemnul
Zin
The Shining One

Annotations:
D:8 Gastronok


Innate Abilities, Weirdness & Mutations

You cannot wear most types of armour.
You are very stealthy in the water. (Stealth+)
You are amphibious.
You can wear up to eight rings at the same time.
You can use your tentacles to constrict eight enemies at once.
Your skin changes colour to match your surroundings (Stealth+).
Your rubbery body absorbs attacks. (AC +1, EV +1)
One of your tentacles bears a spike.
You are partially covered in slimy green scales. (AC +2)
You are agile. (Dex +2)
You occasionally shout uncontrollably at your foes.


Message History

The yak gores you!
* * * LOW HITPOINT WARNING * * *
You take 7 damage, and have 12/77 hp.
Unknown command.
You closely miss the yak.
You pierce the yak!
You kill the yak!
Cheibriados thoroughly appreciates the change of pace.
You hear an angry growl.
Unknown command.
You closely miss the yak.
You pierce the yak!
Your squeeze misses the yak.
The yak is lightly wounded.
The yak gores you.
* * * LOW HITPOINT WARNING * * *
You take 6 damage, and have 6/77 hp.
Unknown command.
You slash the yak! You freeze the yak.
You pierce the yak!
The yak is almost dead.
You hear an angry growl.
The yak gores you.
You die...

###
##..
...
..#
#Y.
###Y#
#.@###
##...#
#..##
###..
.## ##


You could see 2 yaks.

Vanquished Creatures
  2 two-headed ogres
  A death yak (IceCv)
  A komodo dragon (D:10)
  A polar bear (IceCv)
  Grinder (D:6)
  Prince Ribbit (D:9)
  3 trolls
  A hornet (D:9)
  A wraith (D:10)
  2 yaks (IceCv)
  Eustachio (D:4)
  A hungry ghost (D:11)
  A water moccasin (D:8)
  2 sky beasts
  3 phantoms
  9 ice beasts
  2 orc warriors
  7 ogres
  4 centaurs
  A necrophage (D:7)
  3 wolves (IceCv)
  4 big kobolds
  4 bullfrogs
  A scorpion (D:11)
  3 killer bees
  An electric eel (D:9)
  10 wights
  5 howler monkeys
  5 crimson imps
  A centaur zombie (D:9)
  A quasit (D:9)
  6 hounds
  4 jellies
  4 orc priests
  2 centaur skeletons
  4 iguanas
  Terence (D:2)
  11 orc wizards
  5 worker ants
  2 killer bee zombies
  A hound zombie (D:6)
  A hound skeleton (D:8)
  6 gnolls
  11 adders
  5 oozes (D:9)
  2 adder skeletons
  2 worms
  8 leopard geckos
  36 orcs
  7 giant cockroaches
  9 goblins
  4 hobgoblins
  6 jackals
  4 quokkas
  3 ball pythons
  8 bats
  4 frilled lizards
  22 kobolds
  A quokka skeleton (D:6)
  5 rats
  A plant (D:10)
268 creatures vanquished.

Vanquished Creatures (collateral kills)
  3 orcs (D:11)
3 creatures vanquished.

Vanquished Creatures (others)
  5 toadstools (D:1)
5 creatures vanquished.

Grand Total: 276 creatures vanquished

Notes
Turn   | Place    | Note
-------+----------+-------------------------------------------
     0 | D:1      | Redear the Octopode Fighter began the quest for the Orb.
     0 | D:1      | Reached XP level 1. HP: 16/16 MP: 1/1
   117 | D:1      | Reached XP level 2. HP: 11/21 MP: 2/2
   207 | D:1      | Reached skill level 1 in Stealth
   750 | D:2      | Reached XP level 3. HP: 6/26 MP: 3/3
  1059 | D:2      | Found a stormy altar of Qazlal.
  1110 | D:2      | Found a glowing silver altar of Zin.
  1113 | D:2      | Reached skill level 2 in Stealth
  1114 | D:2      | Found a sacrificial altar of Ru.
  1195 | D:2      | Reached XP level 4. HP: 27/31 MP: 4/4
  1521 | D:2      | Noticed Terence
  1527 | D:2      | Killed Terence
  1823 | D:3      | Gained mutation: You occasionally shout uncontrollably at
                  | your foes. [potion of mutation]
  1823 | D:3      | Gained mutation: One of your tentacles bears a spike.
                  | [potion of mutation]
  1823 | D:3      | Gained mutation: You are partially covered in slimy green
                  | scales. (AC +2) [potion of mutation]
  1823 | D:3      | Gained mutation: You are agile. (Dex +2) [potion of
                  | mutation]
  2144 | D:3      | Reached XP level 5. HP: 25/37 MP: 5/5
  2481 | D:3      | Reached skill level 3 in Long Blades
  2481 | D:3      | Reached skill level 3 in Stealth
  2608 | D:4      | Noticed Eustachio
  2625 | D:4      | Killed Eustachio
  2625 | D:4      | Reached skill level 4 in Fighting
  2625 | D:4      | Reached skill level 4 in Dodging
  2625 | D:4      | Reached skill level 4 in Shields
  2625 | D:4      | Reached XP level 6. HP: 7/43 MP: 6/6
  2913 | D:4      | Reached skill level 4 in Stealth
  3311 | D:4      | Found an ancient bone altar of Kikubaaqudgha.
  3388 | D:5      | Entered Level 5 of the Dungeon
  3401 | D:5      | Reached XP level 7. HP: 48/48 MP: 7/7
  3615 | D:5      | Reached skill level 4 in Long Blades
  3650 | D:5      | HP: 1/49 [phantom (8)]
  3993 | D:5      | Reached skill level 5 in Stealth
  4110 | D:5      | Found a staircase to the Ecumenical Temple.
  4126 | Temple   | Entered the Ecumenical Temple
  4147 | Temple   | Became a worshipper of Cheibriados the Contemplative
  4367 | D:5      | Reached skill level 5 in Fighting
  4367 | D:5      | Reached skill level 5 in Dodging
  4367 | D:5      | Reached XP level 8. HP: 55/55 MP: 8/8
  4370 | D:5      | Reached skill level 5 in Shields
  4445 | D:5      | Found a sparkling altar of Nemelex Xobeh.
  4553 | D:6      | Reached skill level 6 in Stealth
  4854 | D:6      | You fall through a shaft for 3 floors!
  4855 | D:9      | Noticed a two-headed ogre
  4873 | D:9      | Found a hide-covered altar of Uskayaw.
  4878 | D:9      | Noticed Prince Ribbit
  4887 | D:9      | Killed Prince Ribbit
  4887 | D:9      | Reached skill level 5 in Long Blades
  4909 | D:9      | Killed a two-headed ogre
  4909 | D:9      | Reached skill level 6 in Fighting
  4909 | D:9      | Reached skill level 6 in Dodging
  4909 | D:9      | Reached skill level 6 in Shields
  4909 | D:9      | Reached XP level 9. HP: 26/63 MP: 9/9
  5227 | D:9      | Reached skill level 6 in Long Blades
  5506 | D:8      | Noticed Gastronok
  5761 | D:7      | Reached * piety under Cheibriados
  6541 | D:6      | Reached skill level 7 in Fighting
  6541 | D:6      | Reached skill level 7 in Dodging
  6595 | D:6      | Reached skill level 7 in Shields
  6717 | D:6      | Reached ** piety under Cheibriados
  6718 | D:6      | Noticed Grinder
  6735 | D:6      | Killed Grinder
  6813 | D:6      | Found a blossoming altar of Fedhas.
  6923 | D:6      | Reached XP level 10. HP: 54/71 MP: 10/10
  7577 | D:8      | Found a glowing golden altar of the Shining One.
  7642 | D:8      | Reached skill level 7 in Long Blades
  8875 | D:9      | Reached *** piety under Cheibriados
  9016 | D:9      | Learned a level 4 spell: Summon Lightning Spire
  9081 | D:9      | Reached skill level 1 in Summonings
  9081 | D:9      | Reached skill level 1 in Air Magic
  9163 | D:9      | Found an opulent altar of Gozag.
  9228 | D:10     | Entered Level 10 of the Dungeon
  9297 | D:10     | Reached skill level 2 in Summonings
  9297 | D:10     | Reached skill level 2 in Air Magic
  9468 | D:10     | Reached **** piety under Cheibriados
  9469 | D:10     | Found a staircase to the Lair.
  9611 | D:10     | Reached skill level 3 in Summonings
  9611 | D:10     | Reached skill level 3 in Air Magic
  9657 | D:10     | Got a fine hunting sling
  9659 | D:10     | Identified the +3 hunting sling "Keoluton" {venom, Str+4}
                  | (You found it on level 10 of the Dungeon)
  9811 | D:10     | Reached skill level 4 in Summonings
  9811 | D:10     | Reached skill level 4 in Air Magic
  9922 | D:10     | Reached XP level 11. HP: 77/77 MP: 11/11
  9953 | D:11     | Found a frozen archway.
  9969 | D:11     | Noticed a two-headed ogre
 10032 | D:10     | Reached ***** piety under Cheibriados
 10032 | D:10     | Reached skill level 5 in Summonings
 10032 | D:10     | Reached skill level 5 in Air Magic
 10113 | D:11     | Killed a two-headed ogre
 10159 | D:11     | Reached skill level 6 in Summonings
 10159 | D:11     | Reached skill level 6 in Air Magic
 10171 | IceCv    | Entered an ice cave
 10416 | IceCv    | Noticed a death yak
 10425 | IceCv    | Killed a death yak
 10442 | IceCv    | HP: 6/77 [yak (6)]
 10443 | IceCv    | Slain by a yak

Levels and vault maps discovered:
D:1:      ldierk_walled_garden, layout_loops_cross, minmay_3d_cube
D:2:      layout_basic, lemuel_doored_altar,
          chequers_temple_overflow_statue_of_worship, kennysheep_small_spiral,
          uniq_terence
D:3:      layout_basic
D:4:      layout_rooms, kiku_gazebo_pond_becter, first_ration,
          hangedman_decor_riveting, uniq_eustachio
D:5:      layout_rooms, nemelex_altar_shiori, minmay_temple_entry_fiery,
          serial_glass, glass_columns_a, glass_columns_a,
          kennysheep_generic_room_12
D:6:      layout_cave_pools, nicolae_overflow_hidden_temple,
          kennysheep_generic_room_6, uniq_grinder
D:7:      minmay_general_purpose_star, layout_gridville
D:8:      layout_layer_cave, tso_oasis_becter, uniq_gastronok
D:9:      layout_cave_pools, eat_drink_and_be_merry_uskayaw,
          nicolae_gozag_cash_rules_everything_around_me,
          hangedman_little_slice_of_home, fountainhead, uniq_prince_ribbit1
D:10:     layout_roguey, david_lair_shrubbed
D:11:     layout_cave_pools, hiddenorc1_lemuel,
          portal_ice_cave_entry_ice_beasts, minmay_mirror_moons_of_madness
Temple:   cyrus_circular_temple
IceCv:    ice_cave_caverns_03

Skill      XL: |  1  2  3  4  5  6  7  8  9 10 11 |
---------------+----------------------------------+-----
Stealth        | 1 2 3 4 5 6 |  6.0
Long Blades    | 3 4 5 6 7 |  7.4
Fighting       | 4 5 6 7 |  7.8
Dodging        | 4 5 6 7 |  7.9
Shields        | 4 6 7 |  7.8
Summonings     | 4 6 |  6.7
Air Magic      | 4 6 |  6.7

Action                   |  1- 3 |  4- 6 |  7- 9 | 10-12 || total
-------------------------+-------+-------+-------+-------++-------
Melee: Long sword        |    42 |    75 |   211 |    77 ||   405
       Constrict         |    13 |    31 |    49 |    68 ||   161
       Tentacles         |    12 |    16 |    43 |   103 ||   174
       Kick              |       |    21 |    83 |   178 ||   282
       Dagger            |       |       |       |    50 ||    50
       Falchion          |       |       |       |   117 ||   117
 Cast: Summon Lightning  |       |       |       |     3 ||     3
Evoke: Wand              |       |       |    16 |     5 ||    21
  Use: Potion            |       |     7 |     3 |     3 ||    13
       Scroll            |       |     2 |       |     6 ||     8
 Stab: Sleeping          |     3 |     7 |    16 |    16 ||    42
       Distracted        |       |       |       |     2 ||     2
  Eat: Chunk             |       |     6 |    12 |     3 ||    21
       Ration            |       |       |       |     1 ||     1
Armor: Skin              |     6 |    12 |    60 |    19 ||    97
Dodge: Dodged            |    41 |    71 |    83 |   148 ||   343
Block: Shield            |       |       |    89 |   165 ||   254
       Rpst.: Long sword |    13 |    24 |    25 |    18 ||    80
       Falchion          |       |       |       |    21 ||    21

Table legend:
 A = Non-vault XP
 B = Vault XP
 C = Vault XP percentage of total XP
 D = Non-vault monster count
 E = Vault monster count
 F = Vault count percentage of total count
                 A         B        C        D         E       F
            +---------+---------+-------+---------+---------+-------
      Total |    9897 |    4363 |  30.6 |     218 |      52 |  19.3
            +---------+---------+-------+---------+---------+-------
        D:1 |      18 |       6 |  25.0 |      12 |       5 |  29.4
        D:2 |      84 |      38 |  31.1 |      21 |       1 |   4.5
        D:3 |      79 |       0 |   0.0 |      16 |       0 |   0.0
        D:4 |     147 |     191 |  56.5 |       8 |       1 |  11.1
        D:5 |     902 |      14 |   1.5 |      24 |       2 |   7.7
        D:6 |     814 |     332 |  29.0 |      21 |       2 |   8.7
        D:7 |     544 |      97 |  15.1 |      23 |       1 |   4.2
        D:8 |     849 |       0 |   0.0 |      17 |       0 |   0.0
        D:9 |    2526 |     439 |  14.8 |      27 |       9 |  25.0
       D:10 |    2324 |     841 |  26.6 |      38 |       5 |  11.6
       D:11 |    1610 |     450 |  21.8 |      11 |      19 |  63.3
      IceCv |       0 |    1955 | 100.0 |       0 |       7 | 100.0
            +---------+---------+-------+---------+---------+-------
